 Dungeon Crawl Stone Soup version 0.24-a0-284-g9fb9971 (webtiles) character file.

Game seed: 7460072886471360142

36 mhoghedin the Caller (level 3, -8/28 HPs)
             Began as a Demigod Summoner on May 5, 2019.
             Mangled by an iguana (13 damage)
             ... on level 4 of the Dungeon.
             The game lasted 00:04:05 (2510 turns).

mhoghedin the Caller (Demigod Summoner)             Turns: 2510, Time: 00:04:05

Health: -8/28      AC:  2    Str: 11    XL:     3   Next: 5%
Magic:  0/8        EV: 12    Int: 21    God:
Gold:   58         SH:  5    Dex: 16    Spells: 2/5 levels left

rFire    . . .     SeeInvis .   e - +1 spear
rCold    . . .     Gourm    .   d - +1 buckler (curse)
rNeg     . . .     Faith    .   a - +0 robe
rPois    .         Spirit   .   (no helmet)
rElec    .         Reflect  .   (no cloak)
rCorr    .         Harm     .   (no gloves)
MR       .....                  (no boots)
Stlth    ++........             (no amulet)
HPRegen  0.09/turn              (no ring)
MPRegen  0.11/turn              (no ring)

@: very slightly contaminated
A: high mp 1
a: no special abilities


You were on level 4 of the Dungeon.
You were hungry.

You visited 1 branch of the dungeon, and saw 4 of its levels.

You collected 58 gold pieces.

Inventory:

Hand Weapons
 e - a +1 spear (weapon)
   (You found it on level 1 of the Dungeon)
Armour
 a - a +0 robe (worn)
 d - a cursed +1 buckler (worn)
   (You found it on level 1 of the Dungeon)
Scrolls
 h - a scroll of blinking {unknown}
 j - a scroll of enchant armour
 l - a scroll of remove curse {unknown}
 n - a scroll of magic mapping {!r}
Potions
 i - a potion of lignification {unknown}
 k - a potion of berserk rage {unknown}
Comestibles
 c - 6 rations


   Skills:
 + Level 1.4 Fighting
 + Level 1.2 Polearms
 - Level 1.7 Dodging
 - Level 1.7 Stealth
 + Level 1.3 Shields
 - Level 1.7 Spellcasting
 - Level 3.6 Summonings


You had 2 spell levels left.
You knew the following spells:

 Your Spells              Type           Power        Failure   Level  Hunger
a - Summon Small Mammal   Summ           ###.         4%          1    #......
c - Call Imp              Summ           ###.....     8%          2    ###....

Your spell library contained the following spells:

 Spells                   Type           Power        Failure   Level  Hunger
 Call Canine Familiar     Summ           ###.....     14%         3    ###....
 Summon Guardian Golem    Hex/Summ       #.......     30%         3    ###....
 Summon Ice Beast         Ice/Summ       #.......     71%         4    #####..
 Summon Lightning Spire   Summ/Air       #.......     71%         4    #####..


Dungeon Overview and Level Annotations

Branches:
Dungeon (4/15)
 Temple: D:4-7

Annotations:
D:2 Sigmund


Innate Abilities, Weirdness & Mutations

You have an increased reservoir of magic. (+10% MP)


Message History

You now have 58 gold pieces (gained 4).
i - a glowing inky potion You open the door.
There is an open door here.
You open the door.
There is an open door here.
Found a stone staircase leading down.
There is an open door here.
You open the door.
There is an open door here.
You are feeling hungry.
Done exploring.
Done exploring.
Done exploring.
Okay, then.
Unknown command.
Done exploring.
As you read the scroll labeled FUREMA JISA, it crumbles to dust.
You feel momentarily disoriented.
It was a scroll of magic mapping.
As you read the scroll labeled BOBIAG LYETO, it crumbles to dust.
It is a scroll of enchant weapon.
Your +0 spear glows red for a moment.
As you read the scroll labeled FESYD VOASO, it crumbles to dust.
You feel strangely unstable.
It was a scroll of teleportation.
As you read the scroll labeled KOIXOADGHAO, it crumbles to dust.
It is a scroll of identify.
b - a scroll of noise
Okay, then.
Unknown command.
Unknown command.
Okay, then.
Unknown command.
Unknown command.
Drop what? 11/52 slots (_ for help) (? for menu, Esc to quit)
You drop a scroll of noise {!r}.
Done exploring.
(D) Dungeon
Where to? (Enter - D:1 @ (x,y), ? - help)
Your surroundings suddenly seem different.
(D) Dungeon
Where to? (Enter - D:4, ? - help)
There is a stone staircase leading down here.
You climb downwards.
An iguana comes into view.
There is a stone staircase leading up here.
An iguana is nearby!
Attack whom?
Aim: an iguana (resting)
You reach to attack!
The helpless iguana fails to defend itself.
You hit the iguana.
A beastly little devil appears in a puff of frigid air.
The iguana barely misses you.
You now have 6/8 mp.
Unknown command.
A beastly little devil appears in a puff of flame.
Your white imp gestures at the iguana.
The puff of frost hits the iguana!
The iguana bites your white imp!
You now have 4/8 mp.
Unknown command.
Your crimson imp blinks!
The iguana bites your white imp.
Your white imp dies!
There is a stone staircase leading up here.
Attack whom?
Aim: an iguana (severely wounded, hasn't noticed you)
You reach to attack!
The iguana hisses angrily.
You hit the iguana but do no damage.
Attack whom?
Aim: an iguana (severely wounded)
You closely miss the iguana.
Your crimson imp blinks!
The iguana bites you!
You take 12 damage, and have 16/28 hp.
MASSIVE DAMAGE!!
Attack whom?
Aim: an iguana (severely wounded)
You closely miss the iguana. The iguana barely misses you.
Attack whom?
Aim: an iguana (severely wounded)
You barely miss the iguana. The iguana misses you.
Attack whom?
Aim: an iguana (severely wounded)
You hit the iguana.
Your crimson imp blinks!
You block the iguana's attack.
You miscast Call Imp.
You are very lightly contaminated with residual magic.
Nothing appears to happen.
You block the iguana's attack.
You now have 3/8 mp.
You miscast Call Imp.
Your brain hurts!
The iguana bites you!
* * * LOW HITPOINT WARNING * * *
You take 11 damage, and have 5/28 hp.
MASSIVE DAMAGE!!
You now have 1/8 mp.
The iguana bites you!
You die...

## .. ###. #..
... ##...
#####.. #....
.......##...#
............#..
#......r.......
##...@.#
#....l.#
#.).#%.#
...####..# .5
...# # ....
....## .....
......


You could see an iguana, a friendly crimson imp and a friendly quokka.

Vanquished Creatures
  A gnoll (D:1)
  2 dart slugs (D:1)
  A leopard gecko (D:1)
  2 bats (D:1)
  2 giant cockroaches (D:2)
  2 hobgoblins
  A frilled lizard (D:1)
  7 goblins
  3 rats
21 creatures vanquished.

Vanquished Creatures (collateral kills)
  A kobold (D:1)
  A bat (D:2)
2 creatures vanquished.

Grand Total: 23 creatures vanquished

Notes
Turn   | Place    | Note
-------+----------+-------------------------------------------
     0 | D:1      | mhoghedin the Demigod Summoner began the quest for the Orb.
     0 | D:1      | Reached XP level 1. HP: 14/14 MP: 5/5
   350 | D:1      | Found an iron altar of Okawaru.
   392 | D:1      | Reached XP level 2. HP: 22/22 MP: 5/7
   432 | D:1      | Reached skill level 1 in Fighting
   526 | D:1      | Reached skill level 1 in Shields
   801 | D:1      | Reached skill level 1 in Polearms
  1058 | D:2      | Reached XP level 3. HP: 20/28 MP: 8/8
  1148 | D:2      | Learned a level 2 spell: Call Imp
  1204 | D:2      | Noticed Sigmund
  2045 | D:3      | Found a glowing golden altar of the Shining One.
  2509 | D:4      | HP: 5/28 [iguana (12)]
  2510 | D:4      | Mangled by an iguana

Levels and vault maps discovered:
D:1:      shiori_arrival_maze, layout_basic, okawaru_ov_weapons_minmay
D:2:      layout_basic, chequers_temple_overflow_minitemple, uniq_sigmund
D:3:      layout_loops_corners, tso_altar
D:4:      gammafunk_cloud_chamber, layout_cave_pools, bloody_trog, first_ration

Skill      XL: |  1  2 |
---------------+-------+-----
Fighting       | 1 |  1.4
Shields        | 1 |  1.3
Polearms       | 1 |  1.2
Dodging        | |  1.7
Stealth        | |  1.7
Spellcasting   | |  1.7
Summonings     | |  3.6

Action                   || total
-------------------------++-------
Melee: Spear             ||    76
 Cast: Summon Small Mamm ||     6
       Call Imp          ||     5
  Use: Scroll            ||     5
       Potion            ||     2
 Stab: Sleeping          ||     9
  Eat: Ration            ||     1
       Chunk             ||     1
Armor: Robe              ||    12
Dodge: Dodged            ||    37
Block: Buckler           ||    22

Table legend:
 A = Non-vault XP
 B = Vault XP
 C = Vault XP percentage of total XP
 D = Non-vault monster count
 E = Vault monster count
 F = Vault count percentage of total count
                 A         B        C        D         E       F
            +---------+---------+-------+---------+---------+-------
      Total |      47 |       5 |   9.6 |      21 |       2 |   8.7
            +---------+---------+-------+---------+---------+-------
        D:1 |      32 |       5 |  13.5 |      11 |       2 |  15.4
        D:2 |      12 |       0 |   0.0 |       8 |       0 |   0.0
        D:3 |       3 |       0 |   0.0 |       2 |       0 |   0.0
            +---------+---------+-------+---------+---------+-------

Levels and vault maps discovered:
D:1:      shiori_arrival_maze, layout_basic, okawaru_ov_weapons_minmay
D:2:      layout_basic, chequers_temple_overflow_minitemple, uniq_sigmund
D:3:      layout_loops_corners, tso_altar
D:4:      gammafunk_cloud_chamber, layout_cave_pools, bloody_trog, first_ration

Table legend:
 A = Turns spent in this place as a percentage of turns spent in the entire game.
 B = Non-inter-level travel turns spent in this place as a percentage of non-inter-level travel turns spent in the entire game.
 C = Inter-level travel turns spent in this place as a percentage of turns spent in this place.
 D = Turns resting spent in this place as a percentage of non-inter-level travel turns spent in this place.
 E = Turns spent auto-exploring this place as a percentage of non-inter-level travel turns spent in this place.
 F = Non-inter-level travel turns spent in this place divided by the number of levels of this place that you've seen.
                   A       B       C       D       E      F
               +-------+-------+-------+-------+-------+----------------------
         Total | 100.0 | 100.0 |   3.8 |  24.8 |  64.5 | 603.5
       Dungeon | 100.0 | 100.0 |   3.8 |  24.8 |  64.5 | 603.5
               +-------+-------+-------+-------+-------+----------------------

Table legend:
 A = Kills in this place as a percentage of kills in entire the game.
 B = Kills by you in this place as a percentage of kills by you in the entire game.
 C = Kills by friends in this place as a percentage of kills by friends in the entire game.
 D = Other kills in this place as a percentage of other kills in the entire game.
 E = Experience gained in this place as a percentage of experience gained in the entire game.
 F = Experience gained in this place divided by the number of levels of this place that you have seen.
                   A       B       C       D       E      F
               +-------+-------+-------+-------+-------+----------------------
         Total | 100.0 | 100.0 | 100.0 |   N/A | 100.0 |  13.0
       Dungeon | 100.0 | 100.0 | 100.0 |   N/A | 100.0 |  13.0
               +-------+-------+-------+-------+-------+----------------------
